 Dungeon Crawl Stone Soup version 0.28.0-62-gf88900778d (webtiles) character file.

Game seed: 13304115027505656297

292544 cbfl8 the Hoplite (level 19, -2/147 HPs)
             Began as a Demonspawn Berserker on Sept 8, 2023.
             Was the Champion of Trog.
             Slain by Asterion
             ... wielding a +0 demon trident of electrocution
              (29 damage)
             ... on level 2 of the Vaults.
             The game lasted 01:11:35 (62473 turns).

cbfl8 the Hoplite (Demonspawn Berserker)           Turns: 62473, Time: 01:11:36

Health: -2/147     AC: 25    Str: 24    XL:     19   Next: 99%
Magic:  19/19      EV: 10    Int: 16    God:    Trog [******]
Gold:   3187       SH:  0    Dex: 24    Spells: 18/18 levels left

rFire   . . .      SeeInvis .   A - +3 broad axe (vamp)
rCold   . . .      Faith    .   w - +12 tower shield of Dishonour {Contam rPois Str+4 Int+5}
rNeg    + + .      Spirit   .   J - +7 pearl dragon scales "Dileled" {rN+ Dex+2}
rPois   +          Reflect  +   o - +2 hat {Stlth+}
rElec   .          Harm     .   (cloak unavailable)
rCorr   .          Rampage  .   (gloves unavailable)
Will    +....                   s - +1 pair of boots {Fly}
Stlth   ..........              f - amulet of reflection
HPRegen 0.34/turn               G - ring of Happiness {Wiz rPois rN+}
MPRegen 0.16/turn               q - +6 ring of dexterity

@: confused, on berserk cooldown, flying, slowed, studying Long Blades, very
slow
A: antennae 2, claws 3, ignite blood 2, augmentation 1, demonic magic 2,
weakness stinger 3
}: 2/15 runes: barnacled, gossamer
a: Renounce Religion, Berserk, Trog's Hand, Brothers in Arms


You were on level 2 of the Vaults.
You worshipped Trog.
Trog was exalted by your worship.
You visited 7 branches of the dungeon, and saw 36 of its levels.
You also visited: Ice Cave and Volcano.

You collected 4132 gold pieces.
You spent 945 gold pieces at shops.

Inventory:

Hand Weapons
 c - the +8 war axe of Symmetry {antimagic, rElec}
   (You found it on level 4 of the Lair of Beasts)

   It reduces the magical energy of the wielder, and disrupts the spells and
   magical abilities of those it strikes.
   Natural abilities and divine invocations are not affected.
   rElec:     It insulates you from electricity.
 n - a +1 broad axe of flaming
 A - a +3 vampiric broad axe (weapon)
Missiles
 p - 12 throwing nets
Armour
 o - a +2 hat of stealth (worn)
 s - a +1 pair of boots of flying (worn)
 w - the +12 tower shield of Dishonour (worn) {Contam rPois Str+4 Int+5}
   (You took it off Louise on level 14 of the Dungeon)

   Str:       It affects your strength (+4).
   Int:       It affects your intelligence (+5).
   rPois:     It protects you from poison.
   Contam:    It causes magical contamination when unequipped.
 J - the +7 pearl dragon scales "Dileled" (worn) {rN+ Dex+2}
   (You found it on level 5 of the Lair of Beasts)

   Dex:       It affects your dexterity (+2).
   rN:        It protects you from negative energy.
Jewellery
 f - an amulet of reflection (around neck)
 q - a +6 ring of dexterity (right claw)
 G - the ring of Happiness (left claw) {Wiz rPois rN+}
   (You took it off an orc priest on level 2 of the Orcish Mines)

   [ring of wizardry]

   It improves your spell success rate.
   rPois:     It protects you from poison.
   rN:        It protects you from negative energy.
Wands
 e - a wand of paralysis (14)
 t - a wand of flame (42) (quivered)
 u - a wand of polymorph (17)
 z - a wand of mindburst (7)
 F - a wand of iceblast (11)
Scrolls
 d - 5 scrolls of teleportation
 i - 7 scrolls of fog
 j - 2 scrolls of blinking
 k - 3 scrolls of fear
 m - 10 scrolls of identify
 r - 3 scrolls of enchant armour
 C - a scroll of holy word {unknown}
 E - 5 scrolls of noise
 I - 4 scrolls of immolation
Potions
 a - 4 potions of resistance
 b - 10 potions of ambrosia
 g - 5 potions of haste
 h - 3 potions of might
 l - 4 potions of lignification
 v - 14 potions of curing
 x - 3 potions of heal wounds
 B - a potion of magic
 H - 5 potions of mutation
Miscellaneous
 y - a lightning rod (4/4)
 L - a box of beasts


   Skills:
 + Level 12.4 Fighting
 + Level 17.0 Axes
 + Level 9.8 Armour
 - Level 1.7 Dodging
 * Level 22.4 Shields
 * Level 14.8 Evocations


You had 18 spell levels left.
You didn't know any spells.
Your spell library was empty.

Dungeon Overview and Level Annotations

Branches:
Dungeon (15/15)            Temple (0/1) D:6            Lair (5/6) D:9
 Shoals (4/4) Lair:3       Spider (4/4) Lair:3          Orc (2/2) D:10
    Elf (3/3) Orc:2        Vaults (3/5) D:13         Depths (0/4) D:15
  IceCv (visited)         Volcano (visited)
  Slime: Lair:5-6     Crypt: Vaults:2-3

Altars:
Cheibriados
Fedhas
Hepliaklqana
Kikubaaqudgha
Makhleb
Nemelex Xobeh
Ru
Sif Muna
Trog
Uskayaw
Xom
Zin

Shops:
D:4 =   D:6 ?   D:10 =   D:12 [[!   Orc:1 (   Orc:2 ([=*   Shoals:2 !

Annotations:
D:12 3 runed translucent doors, cbfl8's ghost, journeyman GrBe
Vaults:2 Asterion


Innate Abilities, Weirdness & Mutations

You have a pair of antennae on your head.
You have claws for hands.
Your demonic aura often causes spilled blood to erupt in flames.
Your magical and physical power is slightly enhanced at high health.
Spells you cast may paralyse nearby enemies.
You have a sharp stinger which inflicts weakening toxins.


Message History

Unknown command.
You bump into the stone wall.
Asterion hits you from afar with a +0 demon trident of electrocution!!
The vault warden hits you from afar with a +2 glaive of protection!!
The ironbound frostheart is engulfed in blazing flames.
The ironbound frostheart touches you but does no damage.
You slash the ironbound frostheart!
Your tail-slap misses the ironbound frostheart.
The ironbound frostheart is heavily wounded.
You slash the cacodemon!
You kill the cacodemon!
The cacodemon disappears in a puff of smoke!
Asterion hits you from afar with a +0 demon trident of electrocution!!
You slash the ironbound frostheart!
You feel better.
The ironbound frostheart is severely wounded.
The vault warden hits you from afar with a +2 glaive of protection!!
The ironbound frostheart is engulfed in blazing flames.
You kill the ironbound frostheart!
Trog accepts your kill.
Trog appreciates your killing of a magic user.
Asterion hits you from afar with a +0 demon trident of electrocution!
* * * LOW HITPOINT WARNING * * *
You are electrocuted!
* * * LOW HITPOINT WARNING * * *
Asterion hits you with a +0 demon trident of electrocution!
* * * LOW HITPOINT WARNING * * *
Asterion gores you but does no damage.
You feel a strong urge to attack something.
The vault warden hits you from afar with a +2 glaive of protection!
* * * LOW HITPOINT WARNING * * *
Asterion hits you from afar with a +0 demon trident of electrocution!
* * * LOW HITPOINT WARNING * * *
You see here a +0 vorpal broad axe.
Unknown command.
You are no longer berserk.
You are exhausted.
You feel yourself slow down.
You feel much better.
Asterion hits you from afar with a +0 demon trident of electrocution!!
You die...

{#.# #..........#
{{{#.# #..........
####.##################
....('........####.# #
++####........#.##.# .#
#........+p.#.#..#
#........##{☼○..#
#.....().###°°.##
#........##@○H..#
#........#..#.#..#
##########.##.##.#
####.# ## ###


You could see Asterion (fast, strong).

Vanquished Creatures
  Arachne (Spider:2)
  A lich (Vaults:1)
  Mlioglotl (Spider:2)
  Agnes (Spider:2)
  Polyphemus (Shoals:4)
  Gastronok (Lair:2)
  A sphinx (Vaults:2)
  2 krakens
  Donald (Elf:3)
  A deep elf sorcerer (Elf:1)
  A vault warden (Vaults:2)
  A juggernaut zombie (D:15)
  7 emperor scorpions
  An orc warlord (Orc:2)
  Louise (D:14)
  A reaper (IceCv)
  7 ghost moths
  An ironbound preserver (Vaults:1)
  2 broodmothers
  A dire elephant (Vaults:1)
  4 deep elf annihilators
  2 deep elf demonologists
  3 spark wasps
  5 entropy weavers
  3 merfolk javelineers (Shoals:4)
  11 merfolk impalers
  Josephine (D:10)
  A deep elf death mage (Elf:3)
  5 yaktaur captains
  10 hydras
  8 vault guards (D:13)
  A jorogumo (Spider:2)
  An ice dragon (Lair:5)
  2 rakshasas (D:14)
  4 merfolk avatars
  A catoblepas (Shoals:4)
  9 boulder beetles
  4 ironbound frosthearts
  A death knight (D:15)
  A merfolk aquamancer (Shoals:4)
  3 two-headed ogres
  11 centaur warriors
  35 dancing weapons
  2 radroaches
  4 alligator snapping turtles
  2 satyrs
  An alligator (shapeshifter) (D:14)
  2 tengu warriors
  9 death yaks
  5 orc high priests
  A vampire mage (D:14)
  Nergalle (Lair:2)
  21 deep elf knights
  A fire crab (Volcano)
  The ghost of cbfl8 the Cleaver, a novice MiFi of Hepliaklqana (D:6)
  3 sun moths
  6 pharaoh ants
  16 sea snakes
  7 skeletal warriors
  9 steelbarb worms
  4 ironbound convokers
  2 wizards
  A shadow dragon zombie (D:15)
  11 deep elf archers
  11 orb spiders
  4 orc knights
  10 lindwurms
  26 deep elf pyromancers
  A necromancer (D:15)
  A harpy (shapeshifter) (Elf:1)
  30 harpies
  20 deep elf zephyrmancers
  A frost giant zombie (D:15)
  9 ugly things
  5 orc sorcerers
  9 cyclopes
  15 wolf spiders
  An oklob plant (Shoals:4)
  4 moths of wrath
  13 fauns
  11 manticores
  9 merfolk sirens
  9 water nymphs
  A water nymph (shapeshifter) (Elf:1)
  4 vault sentinels
  3 elephants
  3 torpor snails
  2 ice statues (IceCv)
  7 cane toads
  2 molten gargoyles (Volcano)
  2 black mambas
  10 komodo dragons
  An unseen horror (D:11)
  3 rime drakes (Lair:4)
  A freezing wraith (IceCv)
  4 demonic crawlers
  14 yaktaurs
  A guardian mummy (D:14)
  4 tengu conjurers
  An entropy weaver simulacrum (IceCv)
  7 ice devils (IceCv)
  4 trolls
  25 merfolk
  6 meliai
  17 tarantellas
  A queen bee (Lair:4)
  Prince Ribbit (D:8)
  5 wind drakes
  Grinder (D:4)
  25 slime creatures
  14 snapping turtles
  19 blink frogs
  14 dream sheep
  A spriggan skeleton (D:15)
  18 culicivoras
  Sigmund (D:6)
  3 air elementals
  31 jumping spiders
  2 shadows
  8 wraiths
  52 yaks
  2 water elementals
  A dire elephant simulacrum (IceCv)
  A vampire (D:14)
  11 wyverns
  3 basilisks
  6 fire bats (Volcano)
  3 fire elementals
  The ghost of cbfl8 the Chopper, an amateur MiCK of Xom (D:4)
  2 steam dragons
  65 redbacks
  Edmund (D:6)
  6 vampire mosquitoes
  6 wargs
  An acid dragon (D:13)
  Duvessa (D:6)
  2 hell hounds (Volcano)
  9 water moccasins
  33 orc warriors
  2 ice beasts
  2 sky beasts
  4 black bears
  9 ogres
  3 wolves
  3 phantoms
  9 centaurs
  11 kobold brigands
  3 gnoll sergeants
  2 earth elementals (Elf:3)
  12 bullfrogs
  A water moccasin zombie (D:6)
  3 cane toad simulacra (IceCv)
  2 scorpions
  A two-headed ogre simulacrum (IceCv)
  A wyvern skeleton (D:7)
  Dowan (D:6)
  4 troll zombies (D:10)
  32 killer bees
  An elephant simulacrum (IceCv)
  5 electric eels
  5 lava snakes (Volcano)
  3 centaur zombies
  2 hounds
  A gnoll shaman (D:9)
  7 jellies
  26 orc priests
  Crazy Yiuf (D:7)
  38 orc wizards
  2 iguanas
  A hell rat (Lair:4)
  A polar bear simulacrum (IceCv)
  2 spriggan simulacra (IceCv)
  3 troll simulacra (IceCv)
  4 ogre zombies (D:10)
  A hound zombie (D:5)
  A howler monkey zombie (D:5)
  8 adders
  20 gnolls
  2 naga simulacra (IceCv)
  A river rat (Lair:4)
  A white imp (IceCv)
  4 ufetubi
  2 worms
  A dart slug (D:1)
  65 orcs
  5 ball pythons
  6 bats
  3 endoplasms
  3 giant cockroaches
  5 hobgoblins
  2 jackals (D:1)
  A quokka (D:1)
  A frilled lizard (D:2)
  9 goblins
  2 goblin skeletons (D:10)
  3 goblin zombies (D:10)
  3 hobgoblin skeletons (D:10)
  3 hobgoblin zombies (D:10)
  20 kobolds
  2 orc skeletons (D:10)
  12 orc zombies (D:10)
  6 rats
  5 tentacles
1334 creatures vanquished.

Vanquished Creatures (others)
  A sun moth (Spider:4)
  A deep elf pyromancer (Elf:3)
  A deep elf zephyrmancer (Elf:2)
  An unseen horror (D:13)
  A culicivora (Spider:2)
  An orc (Orc:1)
  22 fungi
  98 plants
  17 tentacles
  2 withered plants (D:15)
145 creatures vanquished.

Grand Total: 1479 creatures vanquished

Notes
Turn   | Place    | Note
-------+----------+-------------------------------------------
     0 | D:1      | cbfl8 the Demonspawn Berserker began the quest for the Orb.
     0 | D:1      | Reached XP level 1. HP: 18/18 MP: 1/1
   374 | D:1      | Found a faded altar of an unknown god.
   518 | D:1      | Discovered your monstrous ancestry.
   518 | D:1      | Gained mutation: You have a small tail. [demonic ancestry]
   518 | D:1      | Reached XP level 2. HP: 24/24 MP: 2/2
  1328 | D:2      | Gained mutation: You have a pair of small antennae on your
                  | head. [demonic ancestry]
  1328 | D:2      | Reached XP level 3. HP: 27/29 MP: 3/3
  1540 | D:2      | Reached ** piety under Trog
  2350 | D:3      | Reached skill level 1 in Shields
  2436 | D:3      | Reached skill level 1 in Evocations
  2784 | D:3      | Found the brooch of Shielding {Spirit SH+8}
  3061 | D:3      | Gained mutation: Your demonic aura sometimes causes spilled
                  | blood to erupt in flames. [demonic ancestry]
  3061 | D:3      | Reached XP level 4. HP: 31/35 MP: 4/4
  3669 | D:3      | Noticed an orc warrior
  4175 | D:4      | Found Syfagom's Jewellery Shop.
  4184 | D:4      | Noticed a gnoll sergeant
  4441 | D:4      | Found a runed translucent door.
  4442 | D:4      | Noticed Grinder
  4527 | D:4      | Paralysed by Grinder for 5 turns
  4537 | D:4      | Gained mutation: You have sharp fingernails. [demonic
                  | ancestry]
  4537 | D:4      | Reached XP level 5. HP: 9/42 MP: 2/5
  4538 | D:4      | HP: 2/42 [Grinder (7)]
  4751 | D:4      | Paralysed by Grinder for 2 turns
  4756 | D:4      | Killed Grinder
  4757 | D:4      | Reached skill level 2 in Shields
  4757 | D:4      | Gained mutation: You have very sharp fingernails. [demonic
                  | ancestry]
  4757 | D:4      | Reached XP level 6. HP: 24/48 MP: 3/6
  5040 | D:4      | Noticed cbfl8's ghost (amateur MiCK)
  5117 | D:5      | Entered Level 5 of the Dungeon
  5146 | D:5      | Identified the +5 robe of Maoghaerr {Fly rElec}
  6041 | D:5      | Noticed a sky beast
  6054 | D:5      | Killed a sky beast
  6282 | D:5      | Gained mutation: You have claws for hands. [demonic
                  | ancestry]
  6282 | D:5      | Reached XP level 7. HP: 51/54 MP: 4/7
  6441 | D:5      | Reached skill level 3 in Shields
  7181 | D:4      | Found a blossoming altar of Fedhas.
  7376 | D:4      | Killed cbfl8's ghost
  7377 | D:4      | Reached skill level 5 in Axes
  7696 | D:6      | Noticed Duvessa
  7696 | D:6      | Noticed Dowan
  7703 | D:6      | Killed Dowan
  7704 | D:6      | Gained mutation: You have a tail ending in a sharp stinger.
                  | [demonic ancestry]
  7704 | D:6      | Reached XP level 8. HP: 61/61 MP: 5/8
  7710 | D:6      | Killed Duvessa
  7711 | D:6      | Reached skill level 4 in Shields
  7891 | D:6      | Found a staircase to the Ecumenical Temple.
  7921 | D:6      | Found a bloodstained altar of Trog.
  8048 | D:6      | Reached *** piety under Trog
  8186 | D:6      | Found a shimmering blue altar of Sif Muna.
  8210 | D:6      | Found Nethraira's Magic Scroll Boutique.
  8252 | D:6      | Reached skill level 5 in Shields
  8361 | D:6      | Bought a scroll of teleportation for 30 gold pieces
  8361 | D:6      | Bought a scroll of blinking for 75 gold pieces
  8361 | D:6      | Bought a scroll of identify for 20 gold pieces
  8424 | D:6      | Noticed Sigmund
  8432 | D:6      | Killed Sigmund
  8433 | D:6      | Found a runed translucent gate.
  8435 | D:6      | Found a runed translucent gate.
  8436 | D:6      | Found a runed translucent gate.
  8490 | D:6      | Noticed cbfl8's ghost (novice MiFi)
  8836 | D:6      | Found a sacrificial altar of Ru.
  8836 | D:6      | Noticed Edmund
  8855 | D:6      | Killed Edmund
  9017 | D:6      | Reached XP level 9. HP: 67/67 MP: 9/9
  9023 | D:6      | Reached skill level 5 in Fighting
  9030 | D:6      | Reached skill level 6 in Shields
  9380 | D:6      | Killed cbfl8's ghost
  9381 | D:6      | Reached skill level 5 in Armour
  9381 | D:6      | Reached skill level 5 in Evocations
  9781 | D:7      | Found a burning altar of Makhleb.
 10006 | D:7      | Found a runed translucent door.
 10007 | D:7      | Noticed Crazy Yiuf
 10015 | D:7      | Identified the +7 mace "Gevy" {vorpal, Contam rElec rCorr
                  | Str+3}
 10103 | D:7      | Reached skill level 7 in Shields
 10127 | D:7      | Identified the +3 ring mail of Tugaowae {Str+4}
 10136 | D:7      | Found a hide-covered altar of Uskayaw.
 10203 | D:7      | Found an ancient bone altar of Kikubaaqudgha.
 10827 | D:7      | Killed Crazy Yiuf
 11005 | D:8      | Gained mutation: Spells you cast may paralyse adjacent
                  | enemies. [demonic ancestry]
 11005 | D:8      | Reached XP level 10. HP: 74/74 MP: 10/10
 11680 | D:8      | Noticed Prince Ribbit
 11713 | D:8      | Killed Prince Ribbit
 12036 | D:9      | Noticed an elephant
 12036 | D:9      | Found a staircase to the Lair.
 12044 | D:9      | Reached skill level 8 in Shields
 12045 | D:9      | Killed an elephant
 12064 | D:9      | Reached **** piety under Trog
 12204 | D:9      | Found a sparkling altar of Nemelex Xobeh.
 12206 | D:9      | Found a hazy altar of Hepliaklqana.
 12724 | D:9      | Reached skill level 9 in Shields
 13049 | D:10     | Entered Level 10 of the Dungeon
 13098 | D:10     | Found a staircase to the Orcish Mines.
 13891 | D:10     | Reached ***** piety under Trog
 13953 | D:10     | Reached XP level 11. HP: 81/81 MP: 9/11
 14160 | D:10     | Found Wotufefo's Jewellery Shoppe.
 14168 | D:10     | Noticed Josephine
 14174 | D:10     | Killed Josephine
 15026 | D:11     | Noticed a two-headed ogre
 15034 | D:11     | Killed a two-headed ogre
 15035 | D:11     | Reached skill level 10 in Shields
 15048 | D:11     | Noticed a boulder beetle
 15073 | D:11     | Killed a boulder beetle
 15568 | D:11     | You are sucked into a shaft and drop 2 floors!
 15568 | D:13     | Noticed a white ugly thing
 15957 | D:12     | Found Poecix's Distillery.
 15960 | D:12     | Bought a potion of curing for 48 gold pieces
 15960 | D:12     | Bought a potion of curing for 48 gold pieces
 15960 | D:12     | Bought 2 potions of ambrosia for 256 gold pieces
 16005 | D:12     | Noticed a four-headed hydra
 16018 | D:12     | Killed a nine-headed hydra
 16137 | D:12     | Found a runed translucent gate.
 16138 | D:12     | Found a runed translucent gate.
 16139 | D:12     | Found a runed translucent gate.
 16139 | D:12     | Noticed a sphinx
 16139 | D:12     | Noticed cbfl8's ghost (journeyman GrBe)
 16140 | D:12     | Noticed a red ugly thing
 16343 | D:12     | Found Naux's Antique Armour Boutique.
 17119 | D:12     | Found Ofinubb's Armour Shoppe.
 17158 | D:12     | Noticed an ettin
 17194 | D:12     | Noticed a six-headed hydra
 17743 | D:12     | Reached skill level 11 in Shields
 18330 | D:11     | Gained mutation: You have a pair of antennae on your head.
                  | [demonic ancestry]
 18330 | D:11     | Reached XP level 12. HP: 13/89 MP: 1/12
 18332 | D:11     | HP: 6/133 [slime creature (8)]
 19862 | D:14     | Identified the +12 tower shield of Dishonour {Contam rPois
                  | Str+4 Int+5}
 19862 | D:14     | Noticed Louise
 19883 | D:14     | Killed Louise
 20319 | D:14     | Noticed a five-headed hydra
 20327 | D:14     | Killed a five-headed hydra
 20628 | D:14     | Noticed a tengu warrior
 20639 | D:14     | Killed a tengu warrior
 20640 | D:14     | Reached skill level 10 in Axes
 20865 | D:14     | Noticed a two-headed ogre
 20869 | D:14     | Killed a two-headed ogre
 21001 | D:13     | Noticed a centaur warrior
 21162 | D:13     | Killed a centaur warrior
 21167 | D:13     | Reached skill level 12 in Shields
 21486 | D:13     | Noticed a seven-headed hydra
 21493 | D:13     | Killed an eight-headed hydra
 21900 | D:13     | Noticed a vault guard
 21900 | D:13     | Noticed a vault guard
 21900 | D:13     | Noticed a vault guard
 21901 | D:13     | Found a gate to the Vaults.
 21901 | D:13     | Noticed a vault guard
 21901 | D:13     | Noticed a vault guard
 21902 | D:13     | Noticed a vault guard
 21902 | D:13     | Noticed a vault guard
 21903 | D:13     | Noticed a vault guard
 22283 | D:13     | Noticed a boulder beetle
 22332 | D:13     | Killed a boulder beetle
 22535 | D:13     | Killed a vault guard
 22557 | D:13     | Killed a vault guard
 22570 | D:13     | Killed a vault guard
 22830 | D:13     | Killed a vault guard
 22892 | D:13     | Killed a vault guard
 22893 | D:13     | Reached XP level 13. HP: 96/96 MP: 13/13
 23589 | Orc:1    | Entered Level 1 of the Orcish Mines
 23604 | D:10     | Reached skill level 13 in Shields
 23957 | Orc:1    | Found Moehesiu's Antique Weapon Boutique.
 24227 | Orc:2    | Entered Level 2 of the Orcish Mines
 24712 | Orc:2    | Found a staircase to the Elven Halls.
 24907 | Orc:2    | Received a gift from Trog
 25481 | Orc:2    | Paralysed by an orc sorcerer for 6 turns
 25870 | Orc:2    | Found Ocorphem's Antique Armour Emporium.
 25873 | Orc:2    | Found Ocubooph's Assorted Antiques.
 25878 | Orc:2    | Found Deafoy's Jewellery Shoppe.
 25883 | Orc:2    | Found Guomn's Weapon Emporium.
 25887 | Orc:2    | Bought a scroll of teleportation for 69 gold pieces
 25887 | Orc:2    | Bought a wand of paralysis (5) for 46 gold pieces
 25889 | Orc:2    | Bought a +1 broad axe of flaming for 241 gold pieces
 26060 | D:14     | Found a snail-covered altar of Cheibriados.
 26566 | D:14     | Reached skill level 14 in Shields
 26716 | D:14     | Received a gift from Trog
 27078 | D:15     | Entered Level 15 of the Dungeon
 27112 | D:15     | Reached skill level 10 in Evocations
 27225 | D:15     | Gained mutation: Your magical and physical power is
                  | slightly enhanced at high health. [demonic ancestry]
 27225 | D:15     | Reached XP level 14. HP: 93/105 MP: 12/14
 27569 | D:15     | Found a staircase to the Depths.
 28922 | Lair:1   | Entered Level 1 of the Lair of Beasts
 29128 | Lair:1   | Reached skill level 15 in Shields
 29580 | Lair:2   | Noticed Nergalle
 29594 | Lair:2   | Killed Nergalle
 29942 | Lair:2   | Noticed Gastronok
 29952 | Lair:2   | Received a gift from Trog
 29960 | Lair:2   | Killed Gastronok
 31464 | Lair:3   | Found a staircase to the Shoals.
 31504 | Lair:3   | Found a hole to the Spider Nest.
 31784 | Lair:4   | Found a frozen archway.
 31786 | Lair:4   | Identified the +8 war axe of Symmetry {antimagic, rElec}
 31885 | IceCv    | Entered an ice cave
 32949 | IceCv    | Noticed a reaper
 32964 | IceCv    | Killed a reaper
 33045 | IceCv    | Gained mutation: Spells you cast may paralyse nearby
                  | enemies. [demonic ancestry]
 33045 | IceCv    | Reached XP level 15. HP: 113/113 MP: 15/15
 33063 | IceCv    | Received a gift from Trog
 33528 | Lair:4   | Reached skill level 16 in Shields
 34653 | Lair:5   | Identified the +0 helmet "Hero's Friend" {rN+}
 34721 | Lair:5   | Reached ****** piety under Trog
 34981 | Lair:5   | Found a dark tunnel.
 34994 | Volcano  | Entered a volcano
 35332 | Volcano  | Found a radiant altar of Vehumet.
 35647 | Volcano  | Identified the +5 scale mail "Eceucs Mala" {rPois rC++
                  | Stlth+}
 36733 | Lair:5   | Identified the +7 pearl dragon scales "Dileled" {rN+ Dex+2}
 37073 | Orc:2    | Noticed an orc warlord
 37448 | Orc:2    | Killed an orc warlord
 37996 | Orc:2    | Received a gift from Trog
 38038 | Orc:2    | Identified the +8 rapier "Blob" {freeze, Fly rF+ Dex+3}
 38038 | Orc:2    | Identified the ring of Happiness {Wiz rPois rN+}
 38425 | Shoals:1 | Entered Level 1 of the Shoals
 39166 | Shoals:1 | Reached skill level 17 in Shields
 39821 | Shoals:1 | Gained mutation: You have a sharp stinger which inflicts
                  | weakening toxins. [demonic ancestry]
 39821 | Shoals:1 | Reached XP level 16. HP: 117/120 MP: 16/16
 40072 | Shoals:2 | Found Idimae's Distillery.
 40109 | Shoals:2 | Bought a potion of curing for 42 gold pieces
 40109 | Shoals:2 | Bought a potion of heal wounds for 70 gold pieces
 40115 | Shoals:2 | Identified the +4 dire flail "Osuebuug" {vorpal, Str+3}
 40194 | Shoals:2 | Received a gift from Trog
 40952 | Shoals:2 | Noticed a kraken
 41326 | Shoals:2 | Killed a kraken
 42182 | Shoals:3 | Noticed a kraken
 42197 | Shoals:3 | Killed a kraken
 42467 | Shoals:3 | Reached skill level 10 in Fighting
 42803 | Shoals:3 | Reached skill level 18 in Shields
 42868 | Shoals:3 | Identified the +8 hand axe of the Spectre {flame, Fragile
                  | rElec Str+8 Stlth+} (Trog gifted it to you on level 3 of
                  | the Shoals)
 42868 | Shoals:3 | Received a gift from Trog
 44389 | Spider:1 | Entered Level 1 of the Spider Nest
 45563 | Spider:1 | Received a gift from Trog
 45797 | Spider:1 | Reached XP level 17. HP: 129/129 MP: 17/17
 45980 | Spider:2 | Noticed Agnes
 45993 | Spider:2 | Killed Agnes
 47372 | Spider:2 | Noticed Arachne
 47386 | Spider:2 | Killed Arachne
 47387 | Spider:2 | Reached skill level 19 in Shields
 47542 | Spider:2 | Noticed Mlioglotl
 47553 | Spider:2 | Killed Mlioglotl
 47554 | Spider:2 | Reached skill level 15 in Axes
 48061 | Spider:2 | Received a gift from Trog
 50502 | Spider:3 | Identified a scroll of acquirement
 50503 | Spider:3 | Acquired a +0 vampiric broad axe
 50656 | Shoals:4 | Entered Level 4 of the Shoals
 51069 | Shoals:4 | Noticed Polyphemus
 51136 | Shoals:4 | Killed Polyphemus
 51754 | Shoals:4 | Found a shimmering altar of Xom.
 51893 | Shoals:4 | Reached skill level 20 in Shields
 51896 | Shoals:4 | Got a barnacled rune of Zot
 51981 | Shoals:4 | Reached XP level 18. HP: 84/136 MP: 18/18
 52256 | Shoals:4 | Identified the +2 leather armour of Suodemopn {rElec rPois
                  | Dex+3}
 52328 | Shoals:4 | Received a gift from Trog
 53058 | Spider:4 | Entered Level 4 of the Spider Nest
 54481 | Spider:4 | Received a gift from Trog
 54739 | Spider:4 | Got a gossamer rune of Zot
 55437 | Elf:1    | Entered Level 1 of the Elven Halls
 55500 | Elf:1    | Paralysed by an air elemental for 1 turns
 55599 | Elf:1    | Paralysed by an air elemental for 1 turns
 56889 | Elf:1    | Received a gift from Trog
 56890 | Elf:1    | Reached skill level 21 in Shields
 56890 | Elf:1    | Noticed a Brimstone Fiend
 57312 | Elf:2    | Found a runed translucent gate.
 57315 | Elf:2    | Found a runed translucent gate.
 57316 | Elf:2    | Found a runed translucent gate.
 57650 | Elf:2    | Gained mutation: Your demonic aura often causes spilled
                  | blood to erupt in flames. [demonic ancestry]
 57650 | Elf:2    | Reached XP level 19. HP: 144/144 MP: 6/19
 57790 | Elf:2    | Received a gift from Trog
 58130 | Elf:2    | Paralysed by an air elemental for 1 turns
 58133 | Elf:2    | Paralysed by an air elemental for 1 turns
 59260 | Elf:3    | Entered Level 3 of the Elven Halls
 59265 | Elf:3    | Noticed Donald
 59279 | Elf:3    | Received a gift from Trog
 59292 | Elf:3    | Killed Donald
 60228 | Elf:3    | Paralysed by an air elemental for 1 turns
 60232 | Elf:3    | Paralysed by an air elemental for 1 turns
 60240 | Elf:3    | Paralysed by an air elemental for 1 turns
 60245 | Elf:3    | Paralysed by an air elemental for 1 turns
 60538 | Vaults:1 | Entered Level 1 of the Vaults
 60573 | Vaults:1 | Reached skill level 22 in Shields
 62179 | Vaults:1 | Identified the +8 dagger "Sujo" {flame, rC++ Int-5}
 62341 | Vaults:2 | You are sucked into a shaft and drop 1 floor!
 62452 | Vaults:2 | Noticed Asterion
 62459 | Vaults:2 | Received a gift from Trog
 62471 | Vaults:2 | HP: 7/220 [Asterion/+0 demon trident of electrocution (16)]
 62473 | Vaults:2 | Slain by Asterion

Illustrated notes

Levels and vault maps discovered:
D:1:      heliophobic_arrival_henge, layout_loops_cross,
          hellmonk_ecumenical_altar_dog_temple, st_stairs_12,
          minmay_misc_feat_five
D:2:      layout_loops_corners, minmay_tetromino_i2
D:3:      layout_loops_corners
D:4:      layout_loops_ring, fedhas_altar_fruit_tree, serial_shops, shop,
          hellmonk_ghost_happy_afterlife, minmay_misc_feat_room,
          nicolae_grassy_gnolls, uniq_grinder
D:5:      layout_basic
D:6:      layout_rooms, mainiacjoe_overflow_24_doors, trog_hazing_becter,
          nicolae_ru_the_path_less_chosen,
          minmay_temple_entry_statues_fountains, gammafunk_ghost_nasty_kobolds,
          serial_shops, nicolae_square_shop, uniq_sigmund, uniq_duvessa,
          uniq_edmund
D:7:      layout_loops_ring, kennysheep_mini_moat, kiku_gazebo_pond_becter,
          makhleb_heckhound_becter, uniq_crazy_yiuf_cottage
D:8:      layout_basic, columned_hall_lemuel, uniq_prince_ribbit1
D:9:      layout_basic, chequers_temple_overflow_statue_of_worship,
          david_lair_generic
D:10:     layout_cave_pools, lemuel_coloured_pillars_altar, zombieorc2_lemuel,
          serial_shops, shop, uniq_josephine
D:11:     layout_rooms
D:12:     layout_loops_corners, serial_shops, nicolae_shop_behind_doors, shop,
          shop, gammafunk_ghost_split
D:13:     layout_gridville, erik_vaults_2
D:14:     layout_basic, cheibriados_altar_1, uniq_louise
D:15:     gammafunk_depths_entry_grave, layout_basic
Lair:1:   layout_hall_layers, hibernation_bobbens, lemuel_fruit_tree,
          grunt_megastairs_3
Lair:2:   layout_gridlike, infiniplex_staircase_pool_2, uniq_gastronok,
          uniq_nergalle
Lair:3:   layout_roguey, minmay_shoals_entry_hut, spider_nest_entry_funnel_web,
          st_stairs_11, minmay_holes
Lair:4:   regret_index_tunnel_blossom, layout_loops_ring,
          portal_ice_cave_entry_pillars_2, minivault_25
Lair:5:   dragon1_lemuel, layout_regular_city, nicolae_volcano_entry_hallway,
          beast_lair_carwin_3
Shoals:1: layout_shoals
Shoals:2: layout_shoals, serial_shops, nicolae_shop_statue_plus,
          nicolae_shoals_siren_and_animal_friends
Shoals:3: layout_shoals, nicolae_splish_splash
Shoals:4: shoals_end_simple, layout_shoals, lemuel_oklob_altar, uniq_polyphemus
Spider:1: nicolae_spider_hilbert_zone_5 [nicolae_spider_hilbert_3_sides_1_open,
          nicolae_spider_hilbert_4_sides_1_open,
          nicolae_spider_hilbert_4_sides_1_open,
          nicolae_spider_hilbert_6_sides_1_open,
          nicolae_spider_hilbert_6_sides_1_open]
Spider:2: layout_spider_delve, nicolae_spider_moth_buddies, uniq_agnes,
          uniq_mlioglotl, uniq_arachne
Spider:3: layout_spider_delve
Spider:4: grunt_spider_rune_circles, hellmonk_narrow_tunnel
Orc:1:    layout_caves, serial_shops, nicolae_shop_trees
Orc:2:    st_orc_mages, layout_diamond_mine, minmay_orc_treasury
Elf:1:    eino_elf_arrival_sip, layout_loops_cross, hangedman_elf_represent,
          minivault_5
Elf:2:    nicolae_elf_blades_splatter_lattice [nicolae_blade_lattice],
          layout_loops_cross
Elf:3:    minmay_elf_hall_spiked, layout_rooms, uniq_donald
Vaults:1: v_alt_pattern_6, hangedman_vaults_locks, nicolae_vaults_little_ls,
          v_misc_3, nicolae_vaults_big_ls, nicolae_vaults_triangles,
          vaults_mumra_lcd, v_misc_32, vaults_dpeg_encased_lava,
          ontoclasm_vaults_decontamination, vaults_room_pool,
          layout_vaults_omnigrid
Vaults:2: v_pattern_3, nicolae_vaults_yaktaur_gun_rack,
          nicolae_vaults_little_squares_6, hangedman_vaults_river_flow,
          v_alt_pattern_5, vaults_room_fours, v_misc_26, grunt_vaults_focal,
          nicolae_vaults_asterisk, vaults_room_hallway, ontoclasm_vaults_pinch,
          layout_vaults_omnicross, uniq_asterion
Vaults:3: v_misc_28, minmay_crypt_entry_skeletal_spiral,
          nicolae_vaults_little_squares_3, vaults_room_corners,
          hangedman_vaults_capsules, grunt_vaults_swirl,
          nicolae_vaults_circle_grid_b, nicolae_vaults_network_star,
          grunt_vaults_bifocal, v_pattern_4, nicolae_vaults_little_squares_5,
          vaults_room_semicircle, layout_vaults_maze, serial_shops,
          nicolae_shop_statue_plus

Skill      XL: |  1  2  3  4  5  6  7  8  9 10 11 12 13 14 15 16 17 18 19 |
---------------+----------------------------------------------------------+-----
Axes           | 3 4 5 6 7 8 9 10 11 12 13 14 15 16 17 | 17.0
Shields        | 1 2 3 5 7 9 11 12 14 15 17 18 20 21 22 | 22.4
Armour         | 2 3 4 5 6 7 8 9 |  9.8
Evocations     | 1 2 3 4 5 6 7 9 10 11 12 13 14 | 14.8
Fighting       | 4 5 6 7 8 9 10 11 12 | 12.4
Dodging        | |  1.7

Action                   |  1- 3 |  4- 6 |  7- 9 | 10-12 | 13-15 | 16-18 | 19-21 || total
-------------------------+-------+-------+-------+-------+-------+-------+-------++-------
Melee: Hand axe          |   154 |   150 |   401 |    92 |       |       |       ||   797
       Tailslap          |    19 |    24 |    63 |   161 |   286 |   421 |    93 ||  1067
       Punch             |     1 |     4 |     2 |       |       |       |       ||     7
       War axe           |       |       |       |   648 |   141 |   260 |   222 ||  1271
       Broad axe         |       |       |       |       |  1238 |  1472 |   189 ||  2899
Invok: Berserk           |       |       |     8 |    10 |    10 |    21 |     3 ||    52
       Trog's Hand       |       |       |       |     1 |       |     1 |       ||     2
Evoke: Wand              |       |       |       |    46 |       |     2 |       ||    48
  Use: Potion            |     3 |     1 |     2 |     1 |     4 |    10 |     3 ||    24
       Scroll            |       |     5 |     9 |    14 |    14 |    15 |       ||    57
 Stab: Paralysed         |       |       |       |    28 |       |       |       ||    28
       Sleeping          |       |       |       |       |       |     1 |     1 ||     2
       Petrified         |       |       |       |       |       |     4 |       ||     4
Armor: Animal skin       |     8 |       |       |       |       |       |       ||     8
       Plate armour      |   108 |    74 |   114 |   343 |   181 |       |       ||   820
       Pearl dragon scal |       |       |       |       |    53 |   572 |    80 ||   705
Dodge: Dodged            |    50 |    23 |    39 |   161 |   133 |   299 |    40 ||   745
       Repelled          |       |       |       |       |     5 |       |       ||     5
Block: Other             |    10 |    66 |    19 |       |       |       |       ||    95
       Kite shield       |       |       |   323 |   718 |       |       |       ||  1041
       Tower shield      |       |       |       |   370 |  2179 |  2949 |   525 ||  6023
       Reflection        |       |       |       |       |       |    42 |    58 ||   100
